 Dungeon Crawl Stone Soup version 0.27-a0-1312-g5cdb2b3542 (webtiles) character file.

Game seed: 9952162518634136409

14 freelancePsychic the Charlatan (level 2, 0/22 HPs)
             Began as a Demonspawn Artificer on June 20, 2021.
             Was a Plaything of Xom.
             Slain by a hobgoblin (3 damage)
             ... on level 1 of the Dungeon.
             The game lasted 00:01:31 (1172 turns).

freelancePsychic the Charlatan (DsAr)               Turns: 1172, Time: 00:01:32

Health: 0/22       AC:  3    Str: 12    XL:     2   Next: 31%
Magic:  2/2        EV:  8    Int: 12    God:    Xom [..*...]
Gold:   26         SH:  0    Dex: 13    Spells: 1/1 levels left

rFire    . . .     SeeInvis .   b - +0 club
rCold    . . .     Faith    .   (no shield)
rNeg     . . .     Spirit   .   h - +0 leather armour
rPois    .         Reflect  .   (no helmet)
rElec    .         Harm     .   (no cloak)
rCorr    .         Rampage  .   (no gloves)
Will     .....                  (no boots)
Stlth    +.........             (no amulet)
HPRegen  0.07/turn              (no ring)
MPRegen  0.08/turn              (no ring)

@: constricted
A: talons 1
a: Renounce Religion


You were on level 1 of the Dungeon.
You worshipped Xom.
You were a toy of Xom.
You visited 1 branch of the dungeon, and saw 1 of its levels.

You collected 26 gold pieces.

Inventory:

Hand Weapons
 a - a +0 hunting sling
 b - a +0 club (weapon)
Armour
 h - a +0 leather armour (worn)
Wands
 c - a wand of flame (13) (quivered)
 d - a wand of charming (15)
Scrolls
 g - a scroll of vulnerability {unknown}
 i - a scroll of immolation {unknown}
Potions
 f - a potion of curing {unknown}
Miscellaneous
 e - a piece from Xom's chessboard (15/15)


   Skills:
 + Level 1.8 Fighting
 - Level 1.7 Armour
 - Level 0.8 Dodging
 - Level 0.8 Stealth
 + Level 3.4 Evocations


You had one spell level left.
You didn't know any spells.
Your spell library contained the following spells:

 Spells                   Type           Power      Damage    Failure   Level
 Confusing Touch          Hex            0%         N/A       77%         3
 Gell's Gravitas          Tloc           0%         N/A       77%         3
 Petrify                  Tmut/Erth      0%         N/A       99%         4
 Metabolic Englaciation   Hex/Ice        0%         N/A       100%        5
 Yara's Violent Unravell  Hex/Tmut       0%         3d3       100%        5


Dungeon Overview and Level Annotations

Branches:
Dungeon (1/15)

Altars:
Xom


Innate Abilities, Weirdness & Mutations

You have sharp toenails.


Message History

You are too injured to fight recklessly!
You are too injured to fight recklessly!
You are too injured to fight recklessly!
You are too injured to fight recklessly!
You are too injured to fight recklessly!
You are too injured to fight recklessly!
You are too injured to fight recklessly!
You are too injured to fight recklessly!
You are too injured to fight recklessly!
You are too injured to fight recklessly!
You are too injured to fight recklessly!
You are too injured to fight recklessly!
You are too injured to fight recklessly!
You hit the hobgoblin but do no damage.
The hobgoblin is heavily wounded.
The hobgoblin hits you. The ball python closely misses you. x2
The ball python bites you. The ball python grabs you.
The ball python constricts you. The hobgoblin barely misses you.
The ball python bites you but does no damage.
Your leather armour prevents you from hitting the hobgoblin.
You claw the hobgoblin, but do no damage.
The hobgoblin is heavily wounded.
The ball python barely misses you. The ball python constricts you.
The ball python barely misses you. The hobgoblin hits you.
* * * LOW HITPOINT WARNING * * *
The ball python bites you but does no damage.
The ball python constricts you.
You closely miss the hobgoblin.
The hobgoblin is heavily wounded.
The ball python bites you but does no damage.
The ball python barely misses you. The ball python constricts you.
The hobgoblin barely misses you. The ball python bites you.
* * * LOW HITPOINT WARNING * * *
You hit the hobgoblin but do no damage.
The hobgoblin is heavily wounded.
The ball python bites you but does no damage.
* * * LOW HITPOINT WARNING * * *
The ball python constricts you. The hobgoblin hits you.
You die... "It was about time."

#....##.....#......
#....##..†###### .
#....##...#
#....##...#
#....##...#
#....##)..#
#.K..##...#
#SgS.##...# ##@###
#.####### #.......#
#######.# #.# ####
#.# #... #.# #.##
#.# #.# #.# #.#


You could see a hobgoblin, 2 ball pythons and a kobold.

Vanquished Creatures
  A ball python (D:1)
  2 bats (D:1)
  2 endoplasms (D:1)
  A goblin (D:1)
  3 hobgoblins (D:1)
  A quokka (D:1)
  2 rats (D:1)
12 creatures vanquished.

Notes
Turn   | Place    | Note
-------+----------+-------------------------------------------
     0 | D:1      | freelancePsychic the Demonspawn Artificer began the quest
                  | for the Orb.
     0 | D:1      | Reached XP level 1. HP: 15/15 MP: 1/1
   574 | D:1      | Gained mutation: You have sharp toenails. [demonic
                  | ancestry]
   574 | D:1      | Reached XP level 2. HP: 20/21 MP: 2/2
   782 | D:1      | Found a faded altar of an unknown god.
   898 | D:1      | Became a worshipper of Xom of Chaos
  1172 | D:1      | Slain by a hobgoblin

Illustrated notes

Levels and vault maps discovered:
D:1:      minmay_arrival_open_corners, layout_basic,
          chequers_ecumenical_altar_twisty

Action                   || total
-------------------------++-------
Melee: Club              ||    44
       Kick              ||     5
Evoke: Wand              ||     2
  Use: Scroll            ||     1
Armor: Leather armour    ||    29
Dodge: Dodged            ||    41

Table legend: (Time is in decaauts)
 A = Elapsed time spent in this place.
 B = Non-inter-level travel time spent in this place.
 C = Inter-level travel time spent in this place.
 D = Time resting spent in this place.
 E = Time spent auto-exploring this place.
 F = Levels seen in this place.
 G = Mean time per level.
                   A        B        C        D        E       F      G
               +--------+--------+--------+--------+--------+-----+--------+
         Total |   1183 |   1146 |     37 |      0 |   1026 |   1 | 1183.0 |
       Dungeon |   1183 |   1146 |     37 |      0 |   1026 |   1 | 1183.0 |
               +--------+--------+--------+--------+--------+-----+--------+

Top non-repeatable levels by time:
     D:1: 1183 daAuts
